 Dungeon Crawl Stone Soup version 0.30-a0-591-g3c58d2bc28 (webtiles) character file.

Game seed: 11881393525028623035

151 cforsyth the Digger (level 5, -1/28 HPs)
             Began as a Gargoyle Earth Elementalist on Jan 5, 2023.
             Slain by a steam dragon (7 damage)
             ... on level 3 of the Dungeon.
             The game lasted 00:03:24 (2342 turns).

cforsyth the Digger (Gargoyle Earth Elementalist)   Turns: 2342, Time: 00:03:24

Health: -1/28      AC:  6    Str: 12    XL:     5   Next: 33%
Magic:  5/10       EV: 11    Int: 17    God:
Gold:   88         SH:  0    Dex: 10    Spells: 10/11 levels left

rFire   . . .      SeeInvis .    (no weapon)
rCold   . . .      Faith    .    (no shield)
rNeg    + . .      Spirit   .    a - +0 robe
rPois   ∞          Reflect  .    (no helmet)
rElec   +          Harm     .    (no cloak)
rCorr   .          Rampage  .    (no gloves)
Will    .....                    (no boots)
Stlth   ++                       (no amulet)
HPRegen 0.24/turn                (no ring)
MPRegen 0.12/turn                (no ring)

@: no status effects
A: sickness immunity, AC +4, negative energy resistance 1, electricity
resistance, torment resistance 1, petrification resistance
a: no special abilities


You were on level 3 of the Dungeon.
You visited 1 branch of the dungeon, and saw 3 of its levels.

You collected 88 gold pieces.

Inventory:

Armour
 a - a +0 robe (worn)
Scrolls
 e - 4 scrolls of magic mapping {unknown}
 f - 3 scrolls of identify {unknown}
 g - a scroll of amnesia {unknown}
Potions
 b - a potion of magic
 c - a potion of curing {unknown}
 d - a potion of cancellation {unknown}
 h - 2 potions of heal wounds {unknown}
 i - 2 potions of degeneration {unknown}
 j - 2 potions of might {unknown}


   Skills:
 - Level 1.5 Dodging
 - Level 2.1 Stealth
 + Level 3.7 Spellcasting
 - Level 0.7 Transmutations
 + Level 5.6 Earth Magic


You had 10 spell levels left.
You knew the following spells:

 Your Spells              Type           Power      Damage    Failure   Level
a - Sandblast             Erth           44%        2d11      1%          1

Your spell library contained the following spells:

 Spells                   Type           Power      Damage    Failure   Level
 Passwall                 Tmut/Erth      10%        N/A       7%          2
 Stone Arrow              Conj/Erth      24%        3d8       16%         3
 Petrify                  Tmut/Erth      13%        N/A       41%         4


Dungeon Overview and Level Annotations

Branches:
Dungeon (3/15)

Altars:
Qazlal
Zin


Innate Abilities, Weirdness & Mutations

You are immune to sickness and miasma.
Your stone body is resilient. (AC +4)
You are immune to poison.
You resist negative energy. (rN+)
You are resistant to electric shocks. (rElec)
You are resistant to unholy torment.
You are immune to petrification.


Message History

You can't see any susceptible monsters within range! (Use Z to cast anyway.)
A steam dragon comes into view.
A steam dragon is nearby!
A steam dragon is nearby!
A steam dragon is nearby!
A steam dragon is nearby!
The blast of sand hits the steam dragon.
The steam dragon is lightly wounded.
The blast of sand hits the steam dragon but does no damage.
The steam dragon is lightly wounded.
The steam dragon breathes steam at you. The ball of steam hits you!
The blast of sand hits the steam dragon.
The steam dragon is moderately wounded.
You are engulfed in a cloud of scalding steam.
The steam dragon closely misses you.
The steam dragon claws you but does no damage.
You are too injured to fight recklessly!
You are too injured to fight recklessly!
You are too injured to fight recklessly!
Casting: Sandblast (safe; 1% risk of failure)
Confirm with . or Enter, or press ? or * to list all spells.
Aiming: Sandblast (safe; 1% risk of failure)
Press: ? - help, Shift-Dir - straight line, f/p - steam dragon
Aim: a steam dragon (steam, moderately wounded, 83% to hit)
The blast of sand hits the steam dragon.
The steam dragon is moderately wounded.
You are engulfed in a cloud of scalding steam.
* * * LOW HITPOINT WARNING * * *
The steam dragon misses you. The steam dragon claws you.
* * * LOW HITPOINT WARNING * * *
Casting: Sandblast (safe; 1% risk of failure)
Confirm with . or Enter, or press ? or * to list all spells.
Aiming: Sandblast (safe; 1% risk of failure)
Press: ? - help, Shift-Dir - straight line, f/p - steam dragon
Aim: a steam dragon (moderately wounded, 83% to hit)
The blast of sand misses the steam dragon.
The steam dragon barely misses you. The steam dragon misses you.
The steam dragon bites you!
You die...

###....#
...._#..###
.......###..###..#
## .(.....# ....
#.)# ..# .......#
#..# ...# .......#
#..# )...#
.......#
#..##.....#
##...###
#.........# ##..##
#..##....!. ##..#
#D@........ ##
........##.....#
.. #........ ....#
## #......... ...#
# ##..##..### ...
# #... #... . ...
...? .# ##.#


You could see a steam dragon.

Vanquished Creatures
  An orc wizard (D:2)
  Robin (D:2)
  4 adders
  A worm (D:2)
  8 orcs
  6 bats
  5 endoplasms
  2 giant cockroaches
  5 goblins
  9 hobgoblins
  4 kobolds
  4 quokkas (D:2)
  5 ball pythons
  3 frilled lizards
  10 rats
68 creatures vanquished.

Notes
Turn   | Place    | Note
-------+----------+-------------------------------------------
     0 | D:1      | cforsyth the Gargoyle Earth Elementalist began the quest
                  | for the Orb.
     0 | D:1      | Reached XP level 1. HP: 10/10 MP: 3/3
   233 | D:1      | Reached skill level 4 in Earth Magic
   233 | D:1      | Reached XP level 2. HP: 15/15 MP: 3/5
  1024 | D:2      | Reached XP level 3. HP: 19/19 MP: 4/6
  1409 | D:2      | Reached XP level 4. HP: 24/24 MP: 4/8
  1724 | D:2      | Reached skill level 5 in Earth Magic
  1801 | D:2      | Identified the +1 robe "Otsusen" {*Slow rF++ Int+4}
  1841 | D:2      | Noticed Robin
  1844 | D:2      | Killed Robin
  2077 | D:3      | Reached XP level 5. HP: 28/28 MP: 5/10
  2274 | D:3      | Found a stormy altar of Qazlal.
  2277 | D:3      | Found a glowing silver altar of Zin.
  2337 | D:3      | Noticed a steam dragon
  2342 | D:3      | Slain by a steam dragon

Illustrated notes

Levels and vault maps discovered:
D:1:      tarquinn_simple_flora_water_d, layout_loops_cross, serial_glass,
          glass_columns_c, glass_columns_b, glass_columns_a, glass_columns_b,
          glass_columns_c, glass_columns_b, minmay_strange_pillars,
          nrook_mini_backslash, wander_ebering_terrifying_dragon_lair
D:2:      layout_loops_cross, minmay_misc_feat_diagonals, minmay_heptomino_h4,
          uniq_robin
D:3:      layout_rooms, minitemple, shapermc_ecumenical_altar_petra

Skill      XL: |  1  2  3  4 |
---------------+-------------+-----
Earth Magic    | 4 5 |  5.6
Spellcasting   | 3 |  3.7
Dodging        | |  1.5
Stealth        | |  2.1
Transmutations | |  0.7

Action                   |  1- 3 |  4- 6 || total
-------------------------+-------+-------++-------
Melee: Unarmed           |     2 |       ||     2
 Cast: Sandblast         |    52 |    50 ||   102
Armor: Robe              |     6 |     8 ||    14
Dodge: Dodged            |     9 |    17 ||    26

Table legend: (Time is in decaauts)
 A = Elapsed time spent in this place.
 B = Non-inter-level travel time spent in this place.
 C = Inter-level travel time spent in this place.
 D = Time resting spent in this place.
 E = Time spent auto-exploring this place.
 F = Levels seen in this place.
 G = Mean time per level.
                   A        B        C        D        E       F      G
               +--------+--------+--------+--------+--------+-----+--------+
         Total |   2391 |   2351 |     40 |    151 |   1832 |   3 |  797.0 |
       Dungeon |   2391 |   2351 |     40 |    151 |   1832 |   3 |  797.0 |
               +--------+--------+--------+--------+--------+-----+--------+

Top non-repeatable levels by time:
     D:2: 1054 daAuts
     D:1: 1037 daAuts
     D:3: 300 daAuts
